AoeStats
← LittleMeatBoy

Arabia

508523139Analyzed
1v1 RM · 11d ago on Sep 22, 2026· 28m 9s· 2 players
Game mode
Random Map
Map size
Tiny (2 player)
Population
200
Speed
Normal
Resources
Standard
Victory
Conquest
Starting age
Dark Age
Ending age
Imperial Age
RankedLock teamsTeams togetherTeam positionsShared explorationLock speedFull tech treeHidden civsTurbo modeCheats
Victory
Defeat
🇦🇷 Burgundians · Argentina
877
+17
🇦🇺 Dravidians · Australia
889
-26
LittleMeatBoy
9:23 Feudal Age
12:19 Double-Bit Axe
13:36 Loom
14:27 Scale Mail Armor
16:39 Horse Collar
20:28 Castle Age
21:37 Chain Mail Armor
27:44 Cavalier
michael
7:26 Loom
10:14 Feudal Age
11:32 Double-Bit Axe
23:11 Castle Age
23:32 Fletching
23:44 Padded Archer Armor
24:03 Crossbowman
26:20 Bow Saw
Connection lost

Rejoining the realm…

Still unreachable

The connection could not be restored.

Session expired

The server has moved on; the page needs a fresh start.